 Dungeon Crawl Stone Soup version 0.20-a0-923-g548304e (webtiles) character file.

288 Hook the Skirmisher (level 6, -2/48 HPs)
             Began as a Demonspawn Gladiator on Mar 25, 2017.
             Slain by an orc
             ... wielding a +0 trident
              (4 damage)
             ... on level 4 of the Dungeon on Mar 26, 2017.
             The game lasted 00:09:27 (2661 turns).

Hook the Skirmisher (Demonspawn Gladiator)          Turns: 2661, Time: 00:09:29

Health: -2/48      AC:  4    Str: 16    XL:     6   Next: 9%
Magic:  6/6        EV: 13    Int:  9    God:
Gold:   153        SH:  0    Dex: 15    Spells: 5/5 levels left

rFire    . . .     SeeInvis .   v - +0 hand axe (flame)
rCold    + . .     Gourm    .   (no shield)
rNeg     . . .     Faith    .   b - +0 leather armour
rPois    .         Spirit   .   c - +0 helmet
rElec    .         Reflect  .   (no cloak)
rCorr    .         Harm     .   (no gloves)
MR       +....                  (no boots)
Stlth    +.........             (no amulet)
Regen    0.2/turn               k - ring of protection from magic
MPRegen  0.1/turn               (no ring)

@: no status effects
A: claws 1, cold resistance 1, powered by death 1
a: no special abilities


You were on level 4 of the Dungeon.
You were hungry.

You visited 1 branch of the dungeon, and saw 4 of its levels.

You collected 153 gold pieces.

Inventory:

Hand Weapons
 a - a +0 war axe
 v - a +0 hand axe of flaming (weapon)
Missiles
 d - 3 throwing nets (quivered)
Armour
 b - a +0 leather armour (worn)
 c - a +0 helmet (worn)
 m - a +0 chain mail
 s - a +0 scale mail
Jewellery
 e - an uncursed ring of magical power {unknown}
 k - a ring of protection from magic (left claw)
 t - an uncursed amulet of magic regeneration {unknown}
Scrolls
 g - 5 scrolls of identify
 j - a scroll of blinking {unknown}
 l - a scroll of fog {unknown}
 n - a scroll of recharging {unknown}
 p - a scroll of enchant armour {unknown}
 r - a scroll of teleportation {unknown}
 w - a scroll of fear {unknown}
Potions
 i - a potion of berserk rage {unknown}
 o - 2 potions of flight {unknown}
Comestibles
 f - 2 bread rations
 h - a royal jelly
 q - 5 fruits
 u - a meat ration


   Skills:
 * Level 4.2 Fighting
 + Level 3.7 Axes
 - Level 1.7 Throwing
 * Level 3.2 Armour
 - Level 2.6 Dodging


You had 5 spell levels left.
You didn't know any spells.

Dungeon Overview and Level Annotations

Branches:
Dungeon (4/15)
 Temple: D:4-7

Altars:
Trog


Innate Abilities, Weirdness & Mutations

You have sharp fingernails.
Your flesh is cold resistant. (rC+)
You regenerate a little health from kills.


Message History

The orc wizard is moderately wounded.
The orc wizard hits you with a dagger. The orc barely misses you.
The orc wizard hits you with a dagger.
* * * LOW HITPOINT WARNING * * *
You barely miss the orc wizard.
The orc wizard is moderately wounded.
The orc closely misses you.
The orc wizard hits you but does no damage.
You closely miss the orc wizard.
The orc wizard is moderately wounded.
The orc wizard hits you but does no damage.
The orc hits you from afar with a trident!
* * * LOW HITPOINT WARNING * * *
You barely miss the orc wizard.
The orc wizard is moderately wounded.
The orc wizard casts a spell at you. The magic dart hits you!
* * * LOW HITPOINT WARNING * * *
The orc hits you from afar with a trident.
You die...

#######....... # #.......
# #....... ....... ####
#..... ....... ...#
#...... ..>(...
...####.#+##### .......
...'........... .......
...####.###########.......
#### #.........@oo...(...
#######+##########o.......
....... ....ooo........
....... ...o...o.......
....... ...............
....... .o.........####
....... .......<...#
####### #######+#..# ..+


You could see an orc wizard and 2 orcs.

Vanquished Creatures
  A bullfrog (D:3)
  An orc wizard (D:4)
  2 orc priests (D:4)
  4 adders
  3 oozes (D:1)
  3 worms
  2 dart slugs
  5 leopard geckos
  5 orcs
  A ball python (D:3)
  5 giant cockroaches (D:2)
  9 goblins
  5 hobgoblins
  8 bats
  3 frilled lizards
  6 kobolds
  9 rats
72 creatures vanquished.

Notes
Turn   | Place    | Note
-------+----------+-------------------------------------------
     0 | D:1      | Hook the Demonspawn Gladiator began the quest for the Orb.
     0 | D:1      | Reached XP level 1. HP: 16/16 MP: 1/1
     0 | D:1      | Upgraded the game from 0.20-a0-920-gb18bc0f to 0.20-a0-923-g548304e
   173 | D:1      | Gained mutation: You regenerate a little health from kills. [demonic ancestry]
   173 | D:1      | Reached XP level 2. HP: 16/22 MP: 2/2
   254 | D:1      | Reached skill level 1 in Armour
   502 | D:1      | Reached XP level 3. HP: 28/28 MP: 3/3
   864 | D:2      | HP: 1/28 [giant cockroach (2)]
  1167 | D:2      | Reached skill level 3 in Fighting
  1181 | D:2      | Reached XP level 4. HP: 34/35 MP: 4/4
  2226 | D:3      | Noticed a moth of wrath
  2229 | D:3      | Found a bloodstained altar of Trog.
  2375 | D:3      | Noticed a bullfrog
  2382 | D:3      | Killed a bullfrog
  2382 | D:3      | Gained mutation: You have sharp fingernails. [demonic ancestry]
  2382 | D:3      | Reached XP level 5. HP: 39/42 MP: 5/5
  2640 | D:4      | Reached skill level 4 in Fighting
  2646 | D:4      | Gained mutation: Your flesh is cold resistant. (rC+) [demonic ancestry]
  2646 | D:4      | Reached XP level 6. HP: 30/48 MP: 6/6
  2661 | D:4      | HP: 2/48 [orc wizard/magic dart (5)]
  2661 | D:4      | Slain by an orc

Vault maps used:
D:1:      eino_arrival_water_star
D:3:      tgw_trog, moated_statue
D:4:      serial_shops, shop, nicolae_shop_competitors_out_of_business, shop,
          first_bread

Skill      XL: |  1  2  3  4  5 |
---------------+----------------+-----
Armour         | 1 2 3 |  3.2
Axes           | 3 |  3.7
Fighting       | 3 4 |  4.2
Throwing       | |  1.7
Dodging        | |  2.6

Action                   |  1- 3 |  4- 6 || total
-------------------------+-------+-------++-------
Melee: War axe           |   110 |    94 ||   204
       Hand axe          |       |    43 ||    43
  Use: Scroll            |     1 |       ||     1
       Potion            |       |     2 ||     2
 Stab: Sleeping          |     1 |       ||     1
  Eat: Bread ration      |       |     1 ||     1
       Chunk             |       |     1 ||     1
Armor: Leather armour    |    18 |    16 ||    34
       Chain mail        |    60 |    51 ||   111
Dodge: Dodged            |    71 |    96 ||   167
